 Dungeon Crawl Stone Soup version 0.28-a0-1152-g9c71ebef14 (webtiles) character file.

Game seed: 9434279360993886927

4214 mainiacjoe the Frost Mage (level 10, -4/81 HPs)
             Began as a Ghoul Ice Elementalist on Dec 15, 2021.
             Was a Priest of Okawaru.
             Slain by a two-headed ogre (27 damage)
             ... on level 9 of the Dungeon.
             The game lasted 00:29:17 (11202 turns).

mainiacjoe the Frost Mage (Ghoul Ice Elementalist) Turns: 11202, Time: 00:29:19

Health: -4/81      AC: 14    Str: 13    XL:     10   Next: 29%
Magic:  11/14      EV: 13    Int: 14    God:    Okawaru [***...]
Gold:   82         SH:  4    Dex:  9    Spells: 9/16 levels left

rFire   + . .      SeeInvis .   a - +2 dagger (elec)
rCold   + + +      Faith    .   G - +0 buckler
rNeg    + + +      Spirit   .   q - +0 robe {rC+ rF+}
rPois   ∞          Reflect  .   p - +2 helmet
rElec   .          Harm     .   (no cloak)
rCorr   .          Rampage  .   (no gloves)
Will    .....                   o - +2 pair of boots
Stlth   +++.......              F - amulet of magic regeneration
HPRegen 0.00/turn               K - ring of protection from cold
MPRegen 0.54/turn               (no ring)

@: ice-armoured, freezing walls, inhibited regen
A: claws 1, cold resistance 1, negative energy resistance 3, inhibited
regeneration, torment resistance 2
a: Renounce Religion, Heroism


You were on level 9 of the Dungeon.
You worshipped Okawaru.
Okawaru was most pleased with you.
You visited 2 branches of the dungeon, and saw 10 of its levels.
You also visited: Sewer.

You collected 448 gold pieces.
You spent 366 gold pieces at shops.

Inventory:

Hand Weapons
 a - a +2 dagger of electrocution (weapon)
 b - a +0 hand crossbow
 w - a +2 long sword
Missiles
 d - 70 sling bullets
 t - 2 javelins
 u - 139 arrows
 y - 6 boomerangs
 z - 69 bolts
 L - a curare-tipped dart {=F}
 N - 250 stones
 X - 5 poisoned darts (quivered)
Armour
 i - a +0 robe
 o - a +2 pair of boots (worn)
 p - a +2 helmet (worn)
 q - a +0 robe of resistance (worn)
 G - a +0 buckler (worn)
 U - the +1 chain mail of the Cuttlefish {rElec rF+ rCorr}
   (You found it on level 7 of the Dungeon)

   rF:        It protects you from fire.
   rElec:     It insulates you from electricity.
   rCorr:     It protects you from acid and corrosion.
Jewellery
 F - an amulet of magic regeneration (around neck)
 K - a ring of protection from cold (left claw)
Wands
 D - a wand of polymorph (10)
 I - a wand of paralysis (6)
 Q - a wand of acid (8)
 V - a wand of mindburst (3)
Scrolls
 c - 4 scrolls of fear
 f - a scroll of identify
 g - 3 scrolls of immolation
 k - a scroll of acquirement {unknown}
 v - 2 scrolls of torment
 E - a scroll of fog {unknown}
 H - 3 scrolls of blinking
 R - 4 scrolls of teleportation
 T - a scroll of summoning {unknown}
 W - 3 scrolls of enchant armour
 Y - a scroll of noise {unknown}
 Z - 2 scrolls of enchant weapon
Potions
 e - 2 potions of flight
 h - 3 potions of haste
 j - 2 potions of might {unknown}
 l - a potion of brilliance {unknown}
 m - a potion of cancellation {unknown}
 n - 3 potions of invisibility {unknown}
 r - a potion of berserk rage {unknown}
 s - a potion of mutation {unknown}
 x - 2 potions of curing {unknown}
 C - 3 potions of degeneration {unknown}
 J - 3 potions of ambrosia {unknown}
 M - a potion of experience {unknown}
 S - a potion of heal wounds {unknown}


   Skills:
 - Level 5.0 Fighting
 * Level 7.3 Short Blades
 - Level 5.0 Dodging
 - Level 5.0 Stealth
 - Level 4.0 Shields
 - Level 3.5 Spellcasting
 - Level 8.0 Ice Magic
 + Level 3.8 Invocations


You had 9 spell levels left.
You knew the following spells:

 Your Spells              Type           Power      Damage    Failure   Level
a - Freeze                Ice            96%        1d11      1%          1
b - Frozen Ramparts       Ice            48%        1d6       2%          3
c - Ozocubu's Armour      Ice            24%        N/A       2%          3

Your spell library contained the following spells:

 Spells                   Type           Power      Damage    Failure   Level
 Hailstorm                Conj/Ice       13%        3d5       36%         4
 Ignite Poison            Fire/Tmut/Pois 2%         N/A       52%         3
 Mephitic Cloud           Conj/Pois/Air  2%         N/A       52%         3
 Freezing Cloud           Conj/Ice/Air   4%         6-21      88%         5
 Cause Fear               Hex            1%         N/A       90%         4
 Dragon Form              Tmut           Unusable   N/A       N/A         7
 Dragon's Call            Summ           Unusable   N/A       N/A         9

Dungeon Overview and Level Annotations

Branches:
Dungeon (9/15)             Temple (1/1) D:6             Orc (0/2) D:9
  Sewer (visited)
   Lair: D:8-11

Altars:
Ashenzari
Cheibriados
Dithmenos
Elyvilon
Fedhas
Gozag
Hepliaklqana
Kikubaaqudgha
Makhleb
Nemelex Xobeh
Okawaru
Qazlal
Ru
Sif Muna
Trog
Uskayaw
Vehumet
Wu Jian
Xom
Yredelemnul
Zin
The Shining One
Beogh

Shops:
D:8 ?

Annotations:
D:2 Sigmund
D:3 1 runed translucent door, 1 exclusion, Crazy Yiuf
D:8 dig vault


Innate Abilities, Weirdness & Mutations

You thrive by killing the living.
You are immune to poison.
You have sharp fingernails.
Your flesh is cold resistant. (rC+)
You are immune to negative energy. (rN+++)
You do not regenerate when monsters are visible.
You are immune to unholy pain and torment.


Message History

You shoot a bolt.
The bolt completely misses the two-headed ogre.
The two-headed ogre shouts in stereo!
You shoot a bolt.
The bolt completely misses the two-headed ogre.
You shoot a bolt. The bolt hits the two-headed ogre.
The two-headed ogre is lightly wounded.
Casting: Frozen Ramparts (mildly dangerous; 2% risk of failure)
Confirm with . or Enter, or press ? or * to list all spells.
Casting: Frozen Ramparts (mildly dangerous; 2% risk of failure)
Press: ? - help, Dir - look around, f - activate The walls around you are covered in ice.
The wall freezes the two-headed ogre.
Casting: Frozen Ramparts (mildly dangerous; 2% risk of failure)
Confirm with . or Enter, or press ? or * to list all spells.
A film of ice covers your body!
The wall freezes the two-headed ogre!
The two-headed ogre hits you with a +0 dire flail!
The two-headed ogre hits you with a +0 giant spiked club!
You hear the crackle of electricity.
a - a +2 dagger of electrocution (weapon)
You hit the two-headed ogre but do no damage.
The two-headed ogre is lightly wounded.
The wall freezes the two-headed ogre.
The two-headed ogre hits you with a +0 dire flail!
The two-headed ogre hits you with a +0 giant spiked club!
You are too injured to fight recklessly!
You are too injured to fight recklessly!
You are too injured to fight recklessly!
You are too injured to fight recklessly!
You are too injured to fight recklessly!
You completely miss the two-headed ogre.
The two-headed ogre is moderately wounded.
You hit the two-headed ogre.
Lightning courses through the two-headed ogre!
The two-headed ogre is heavily wounded.
The wall freezes the two-headed ogre.
The two-headed ogre hits you with a +0 dire flail!
* * * LOW HITPOINT WARNING * * *
The two-headed ogre hits you with a +0 giant spiked club!!
You die...

..............#..[)### ##.
....(...<.(#..####)..###..
...>(.....###.######......
#.#
...........##.....####....
#.#
...........####...........
#.#
.$.......#...........#.#.#
#.#
#.......########.........#
#.# #...##..O.##
###.##..... #.# #
####@.#### #......#. #.#
##....# #...##.#. ##.#
####.####.#.##... ##<.#
#...#..#.....# ##†.##
###...###..#.# #..## #..#
#######......##.. ..## ...
##...........##### .##
##..########..##....###...#
# .# ##... #.........[...##
###.###


You could see a two-headed ogre.

Vanquished Creatures
  A hornet (D:9)
  3 water moccasins
  2 ice beasts (D:6)
  An orc warrior (D:8)
  3 sky beasts
  A black bear (D:6)
  An ogre (D:5)
  4 necrophages
  3 centaurs
  3 kobold brigands (Sewer)
  A bullfrog (D:7)
  A wyvern zombie (D:5)
  A scorpion (D:7)
  14 wights
  5 killer bees (D:7)
  2 howler monkeys
  A lava snake (D:8)
  A bullfrog zombie (D:6)
  4 centaur zombies
  A jelly (D:7)
  A bullfrog skeleton (D:7)
  5 hounds
  4 centaur skeletons
  3 orc priests (D:9)
  Jessica (D:2)
  5 iguanas
  3 orc wizards
  2 howler monkey zombies
  9 gnolls
  6 adders
  A howler monkey skeleton (D:6)
  A river rat (Sewer)
  A white imp (D:6)
  4 worms (Sewer)
  A dart slug (D:4)
  8 orcs
  15 endoplasms
  7 giant cockroaches
  5 goblins
  6 hobgoblins
  5 quokkas
  8 ball pythons
  2 bats (D:1)
  A frilled lizard (D:3)
  16 kobolds
  15 rats
188 creatures vanquished.

Notes
Turn   | Place    | Note
-------+----------+-------------------------------------------
     0 | D:1      | mainiacjoe the Ghoul Ice Elementalist began the quest for
                  | the Orb.
     0 | D:1      | Reached XP level 1. HP: 14/14 MP: 2/2
   248 | D:1      | Reached XP level 2. HP: 17/20 MP: 1/3
  1122 | D:1      | Reached skill level 5 in Ice Magic
  1122 | D:1      | Reached XP level 3. HP: 26/26 MP: 5/5
  1126 | D:1      | Learned a level 3 spell: Frozen Ramparts
  1491 | D:2      | Found a faded altar of an unknown god.
  1692 | D:2      | Noticed Jessica
  1698 | D:2      | Killed Jessica
  1699 | D:2      | Reached XP level 4. HP: 28/33 MP: 3/6
  1887 | D:2      | Noticed Sigmund
  2536 | D:3      | Learned a level 3 spell: Ozocubu's Armour
  2879 | D:3      | Found a runed translucent door.
  2880 | D:3      | Noticed Crazy Yiuf
  3786 | D:4      | Reached skill level 6 in Ice Magic
  3786 | D:4      | Reached XP level 5. HP: 38/38 MP: 8/8
  3974 | D:4      | Noticed a necrophage
  3987 | D:4      | Killed a necrophage
  3988 | D:4      | Reached XP level 6. HP: 41/45 MP: 6/9
  4129 | D:4      | Reached skill level 7 in Ice Magic
  4488 | D:5      | Entered Level 5 of the Dungeon
  4632 | D:5      | Reached XP level 7. HP: 49/50 MP: 7/11
  4643 | D:5      | Reached skill level 8 in Ice Magic
  4727 | D:5      | Reached skill level 1 in Short Blades
  4787 | D:5      | Reached skill level 1 in Fighting
  5651 | D:5      | Reached XP level 8. HP: 38/61 MP: 9/12
  6087 | D:6      | Found a staircase to the Ecumenical Temple.
  6151 | D:6      | Found a glowing drain.
  6178 | Sewer    | Entered a sewer
  7206 | Temple   | Entered the Ecumenical Temple
  7411 | Temple   | Became a worshipper of Warmaster Okawaru
  7638 | D:6      | Reached XP level 9. HP: 59/69 MP: 9/13
  8402 | D:7      | Reached * piety under Okawaru
  8438 | D:7      | Reached skill level 5 in Stealth
  8682 | D:7      | Reached skill level 5 in Short Blades
  8896 | D:7      | Reached ** piety under Okawaru
  9094 | D:7      | Identified the +1 chain mail of the Cuttlefish {rElec rF+
                  | rCorr}
  9394 | D:8      | Reached skill level 1 in Invocations
  9535 | D:8      | Noticed a boulder beetle
  9537 | D:8      | Noticed a catoblepas
  9560 | D:8      | Reached skill level 5 in Fighting
  9844 | D:8      | Reached XP level 10. HP: 75/81 MP: 14/14
 10033 | D:8      | Reached skill level 5 in Dodging
 10210 | D:8      | Noticed a gargoyle
 10211 | D:8      | Noticed a six-headed hydra
 10211 | D:8      | Noticed a centaur warrior
 10211 | D:8      | Noticed a deep elf pyromancer
 10211 | D:8      | Noticed a centaur warrior
 10220 | D:8      | Noticed a boulder beetle
 10220 | D:8      | Noticed a centaur warrior
 10337 | D:8      | Found Qyhyeph's Magic Scroll Emporium.
 10403 | D:8      | Bought a scroll of enchant weapon for 90 gold pieces
 10403 | D:8      | Bought a scroll of blinking for 90 gold pieces
 10403 | D:8      | Bought a scroll of teleportation for 36 gold pieces
 10403 | D:8      | Bought a scroll of teleportation for 36 gold pieces
 10403 | D:8      | Bought a scroll of identify for 24 gold pieces
 10403 | D:8      | Bought a scroll of blinking for 90 gold pieces
 10771 | D:9      | Found a staircase to the Orcish Mines.
 11083 | D:9      | Reached *** piety under Okawaru
 11190 | D:9      | Noticed a two-headed ogre
 11202 | D:9      | Slain by a two-headed ogre

Illustrated notes

Levels and vault maps discovered:
D:1:      dpeg_arrival_ratfight, layout_basic, minmay_distorted
D:2:      layout_loops_ring, hellmonk_ecumenical_altar_crossroads,
          serial_aquarium, aquarium_bridge_island_small
          [aquarium_subvault_small_open, aquarium_subvault_balcony,
          aquarium_subvault_bridge, aquarium_subvault_balcony,
          aquarium_subvault_wall], aquarium_bridge_square
          [aquarium_subvault_bridge, aquarium_subvault_wall,
          aquarium_subvault_wall, aquarium_subvault_window], aquarium_window_3,
          aquarium_window_1, aquarium_window_1, aquarium_window_1,
          aquarium_view_2a, uniq_sigmund, uniq_jessica
D:3:      layout_loops_ring, mainiacjoe_overflow_surrounded_room,
          minmay_crystal_room, uniq_crazy_yiuf_cottage
D:4:      layout_cave_pools, minmay_bisected
D:5:      layout_basic, serial_glass, glass_columns_a, glass_columns_b
D:6:      minmay_evil_eye, layout_loops_ring, minmay_temple_entry_junction_2,
          gup_sewer_entry_pipe
D:7:      layout_loops_corners, st_stairs_10
D:8:      layout_basic, serial_shops, nicolae_inconvenience_store, minivault_12
D:9:      layout_rooms, orc_0_dummy, david_defended_altar_orc
Temple:   mainiacjoe_temple_archimedes_tessellation

Skill      XL: |  1  2  3  4  5  6  7  8  9 10 |
---------------+-------------------------------+-----
Spellcasting   | 2 3 |  3.5
Ice Magic      | 5 6 7 8 |  8.0
Dodging        | 2 3 4 5 |  5.0
Short Blades   | 2 3 6 7 |  7.3
Fighting       | 1 3 5 |  5.0
Stealth        | 3 4 5 |  5.0
Shields        | 2 4 |  4.0
Invocations    | 2 3 |  3.8

Action                   |  1- 3 |  4- 6 |  7- 9 | 10-12 || total
-------------------------+-------+-------+-------+-------++-------
Melee: Unarmed           |     7 |       |       |       ||     7
       Short sword       |    10 |     8 |       |       ||    18
       Trident           |       |    40 |       |       ||    40
       Dagger            |       |    63 |   357 |    98 ||   518
 Fire: Hand crossbow     |       |       |    12 |    17 ||    29
Throw: Stone             |    53 |    18 |     4 |       ||    75
       Dart              |    53 |    51 |   141 |     5 ||   250
 Cast: Freeze            |    22 |    12 |    15 |     2 ||    51
       Ozocubu's Armour  |       |     3 |    14 |     7 ||    24
       Frozen Ramparts   |       |     9 |    29 |     4 ||    42
  Use: Scroll            |       |     4 |     7 |     2 ||    13
 Stab: Sleeping          |     1 |     3 |     6 |     1 ||    11
Armor: Robe              |     7 |    28 |    99 |    23 ||   157
Dodge: Dodged            |    16 |    65 |   184 |    50 ||   315
Block: Buckler           |       |       |    52 |    13 ||    65

Table legend: (Time is in decaauts)
 A = Elapsed time spent in this place.
 B = Non-inter-level travel time spent in this place.
 C = Inter-level travel time spent in this place.
 D = Time resting spent in this place.
 E = Time spent auto-exploring this place.
 F = Levels seen in this place.
 G = Mean time per level.
                   A        B        C        D        E       F      G
               +--------+--------+--------+--------+--------+-----+--------+
         Total |  11332 |  10965 |    367 |    837 |   7674 |  11 | 1030.2 |
       Dungeon |   9913 |   9576 |    337 |    837 |   6732 |   9 | 1101.4 |
        Temple |    236 |    206 |     30 |      0 |    181 |   1 |  236.0 |
         Sewer |   1182 |   1182 |      0 |      0 |    761 |   1 | 1182.0 |
               +--------+--------+--------+--------+--------+-----+--------+

Top non-repeatable levels by time:
     D:1: 1471 daAuts
     D:5: 1371 daAuts
     D:3: 1309 daAuts
     D:8: 1208 daAuts
   Sewer: 1182 daAuts
     D:7: 1162 daAuts
     D:6: 1078 daAuts
     D:2: 969 daAuts
     D:4: 754 daAuts
     D:9: 586 daAuts
  Temple: 236 daAuts
